 Dungeon Crawl Stone Soup version 0.30.0-19-gbf45117a57 (webtiles) character file.

Game seed: 7976006005621301614

74 qw the Chopper (level 4, -4/28 HPs)
             Began as a Gargoyle Fighter on May 24, 2023.
             Slain by a gnoll
             ... wielding a +0 halberd
              (7 damage)
             ... on level 2 of the Dungeon.
             The game lasted 00:00:48 (1338 turns).

qw the Chopper (Gargoyle Fighter)                   Turns: 1338, Time: 00:00:48

Health: -4/28      AC: 21    Str: 21    XL:     4   Next: 28%
Magic:  4/4        EV:  2    Int:  9    God:
Gold:   110        SH:  4    Dex:  9    Spells: 3/3 levels left

rFire   . . .        Y - +0 war axe (vamp)
rCold   . . .        c - +0 buckler
rNeg    + . .        a - +2 crystal plate armour
rPois   inf          (no helmet)
rElec   +            (no cloak)
rCorr   .            (no gloves)
SInv    .            (no boots)
Will    .....        (no amulet) Stlth
                     (no ring)
HPRegen 0.24/turn    (no ring)
MPRegen 0.09/turn

%: no passive effects
@: no status effects
A: sickness immunity, AC +3, negative energy resistance 1, electricity
resistance, torment resistance 1, petrification resistance
a: no special abilities


You were on level 2 of the Dungeon.
You visited 1 branch of the dungeon, and saw 2 of its levels.

You collected 110 gold pieces.


Innate Abilities, Weirdness & Mutations

You are immune to sickness and miasma.
Your stone body is resilient. (AC +3)
You are immune to poison.
You resist negative energy. (rN+)
You are resistant to electric shocks. (rElec)
You are resistant to unholy torment.
You are immune to petrification.


   Skills:
 - Level 3.2 Fighting
 + Level 4.0 Axes
 - Level 3.2 Armour
 - Level 3.2 Shields


You had 3 spell levels left.
You didn't know any spells.
Your spell library was empty.

Inventory:

Hand Weapons
 g - a +0 mace
 Y - a +0 vampiric war axe (weapon)
Armour
 a - a +2 crystal plate armour (worn)
 c - a +0 buckler (worn)
Scrolls
 b - a scroll of amnesia {unknown}
 e - a scroll of torment {unknown}
 h - a scroll of immolation {unknown}
 j - 2 scrolls of identify
Potions
 d - a potion of might
 f - a potion of heal wounds {unknown}
 i - a potion of curing {unknown}
 k - a potion of lignification

Dungeon Overview and Level Annotations

Branches:
Dungeon (2/15)

Altars:


Message History

The gnoll hits you but does no damage.
A gnoll comes into view. It is wielding a +0 flail.
The gnoll shouts!
You hear a shout!
The gnoll barely misses you.
You barely miss the gnoll. The gnoll hits you but does no damage.
You slash the gnoll!
The gnoll is almost dead.
You hit the gnoll but do no damage. The gnoll hits you with a +0 spear.
A gnoll comes into view. It is wielding a +0 halberd.
The gnoll hits you with a +0 flail. The gnoll hits you with a +0 spear.
The gnoll hits you but does no damage.
You closely miss the gnoll.
The gnoll is almost dead.
You slash the gnoll!
You feel better. The gnoll hits you with a +0 spear.
The gnoll hits you but does no damage.
You hit the gnoll.
The gnoll is almost dead.
You slash the gnoll!
You kill the gnoll!
The gnoll hits you but does no damage.
You have reached level 4!
You feel clever.
You closely miss the gnoll.
The gnoll is almost dead.
The gnoll hits you but does no damage. x2; The gnoll hits you with a +0 flail.
The gnoll hits you but does no damage.
You slash the gnoll!
You kill the gnoll!
The gnoll hits you but does no damage.
Your Axes skill increases to level 4!
The gnoll hits you but does no damage.
You see here a +0 flail.
You hit the gnoll but do no damage.
The gnoll hits you but does no damage. x2
You barely miss the gnoll. The gnoll hits you with a +0 halberd!
You hit the gnoll but do no damage. The gnoll hits you with a +0 halberd!
You die...

#...#
##...############
#................
#....########....
###.#####..........
#>.................
####.####.####.....
#)..# #.# #...###
#@### #.# #....##
#g# #.# #...... ..#
###.# #...##. ...#
#...# #...### ....#
#.#####...###
.#####
#.....#.....# .. #
#####.##....# ##
..#####.##....#
..............#


You could see a gnoll.

Vanquished Creatures
  2 gnolls (D:2)
  3 dart slugs (D:1)
  A worm (D:2)
  6 endoplasms (D:1)
  A giant cockroach (D:1)
  8 hobgoblins (D:1)
  A kobold (D:2)
  A quokka (D:1)
  7 ball pythons
  3 bats (D:1)
  4 frilled lizards
  3 goblins (D:1)
  5 rats (D:1)
45 creatures vanquished.

Notes
Turn   | Place    | Note
-------+----------+-------------------------------------------
     0 | D:1      | qw the Gargoyle Fighter began the quest for the Orb.
     0 | D:1      | Reached XP level 1. HP: 14/14 MP: 1/1
     0 | D:1      | 0 ||| qw: Version: 0.2-a-98-g5d7165a
     0 | D:1      | 0 ||| qw: Game counter: 60
     0 | D:1      | 0 ||| qw: Always use a shield: true
     0 | D:1      | 0 ||| qw: God list: Okawaru
     0 | D:1      | 0 ||| qw: Allow faded altars: false
     0 | D:1      | 0 ||| qw: Do Orc after D:15 true
     0 | D:1      | 0 ||| qw: Do second Lair branch before Depths: true
     0 | D:1      | 0 ||| qw: Lair rune preference: random
     0 | D:1      | 0 ||| qw: Plans: Normal, Zot:1-4, God:TSO, Crypt, Tomb,
                  | Pan, Slime:5, Hells, Abyss, Win
     0 | D:1      | 0 ||| PLANNING D:1-11
    67 | D:1      | Reached skill level 2 in Axes
    71 | D:1      | 71 ||| Stepping ~*~*~tactically~*~*~ (hiding).
    73 | D:1      | 73 ||| Stepping ~*~*~tactically~*~*~ (stealth).
    74 | D:1      | 74 ||| Stepping ~*~*~tactically~*~*~ (hiding).
    83 | D:1      | Reached XP level 2. HP: 7/19 MP: 2/2
    85 | D:1      | 85 ||| Stepping ~*~*~tactically~*~*~ (stealth).
    99 | D:1      | 99 ||| Stepping ~*~*~tactically~*~*~ (stealth).
   100 | D:1      | 100 ||| Stepping ~*~*~tactically~*~*~ (stealth).
   101 | D:1      | 101 ||| Stepping ~*~*~tactically~*~*~ (stealth).
   107 | D:1      | 107 ||| Stepping ~*~*~tactically~*~*~ (stealth).
   390 | D:1      | 390 ||| DROPPING +0 club.
   482 | D:1      | Reached skill level 3 in Axes
   492 | D:1      | Reached XP level 3. HP: 23/23 MP: 3/3
   495 | D:1      | 495 ||| Stepping ~*~*~tactically~*~*~ (hiding).
   783 | D:1      | Found a faded altar of an unknown god.
   788 | D:1      | 788 ||| Stepping ~*~*~tactically~*~*~ (stealth).
   872 | D:1      | 872 ||| DROPPING ring of wizardry.
   873 | D:1      | 873 ||| READING scroll labelled ZANKON QIUJYUS.
   874 | D:1      | 874 ||| READING scroll labelled HUUHUUPEPYI.
   875 | D:1      | 875 ||| READING scroll labelled OFERUN AHIRAE.
   875 | D:1      | Identified a scroll of acquirement
   875 | D:1      | 875 ||| ACQUIRING +2 crystal plate armour
   875 | D:1      | Acquired a +2 crystal plate armour
   877 | D:1      | 877 ||| UPGRADING to +2 crystal plate armour.
   887 | D:1      | 887 ||| DROPPING +0 scale mail.
   888 | D:1      | 888 ||| READING scroll labelled OBLIUS LOMOMIMO.
   889 | D:1      | 889 ||| DRINKING 2 cyan potions.
  1251 | D:2      | Identified the +0 ring mail of the Gate {rElec Str+6}
  1333 | D:2      | Reached XP level 4. HP: 15/28 MP: 4/4
  1335 | D:2      | Reached skill level 4 in Axes
  1337 | D:2      | HP: 3/28 [gnoll/+0 halberd (9)]
  1338 | D:2      | Slain by a gnoll

Levels and vault maps discovered:
D:1:      minmay_arrival_loop, layout_basic, chequers_ecumenical_altar_twisty,
          minmay_misc_feat_plants, nrook_loot_triangle, st_stairs_13,
          serial_park_tiny_pond, minmay_pentomino_z2
D:2:      layout_basic

Skill      XL: |  1  2  3  4 |
---------------+-------------+-----
Axes           | 2 3 4 |  4.0
Fighting       | |  3.2
Armour         | |  3.2
Shields        | |  3.2

Action                     |  1- 3 |  4- 6 || total
---------------------------+-------+-------++-------
  Melee: War axe           |   114 |     5 ||   119
    Use: Scroll            |     4 |       ||     4
         Potion            |     1 |       ||     1
 Armour: Scale mail        |    37 |       ||    37
         Crystal plate arm |    23 |     7 ||    30
  Dodge: Dodged            |    33 |       ||    33
  Block: Buckler           |    27 |       ||    27

Table legend:
 A = Non-vault XP
 B = Vault XP
 C = Vault XP percentage of total XP
 D = Non-vault monster count
 E = Vault monster count
 F = Vault count percentage of total count
                 A         B        C        D         E       F
            +---------+---------+-------+---------+---------+-------
      Total |      96 |      10 |   9.4 |      41 |       4 |   8.9
            +---------+---------+-------+---------+---------+-------
        D:1 |      54 |      10 |  15.6 |      31 |       4 |  11.4
        D:2 |      42 |       0 |   0.0 |      10 |       0 |   0.0
            +---------+---------+-------+---------+---------+-------
